Lenro Double shreck upgrade exploit abuse

Match 18333926
End
Construct Barracks
Selects Armored Battlegroup
Selects Assault Engineers
Selects Fast Deploy
Riflemen Squad
Riflemen Squad
Grenade Package
Riflemen Squad
Construct Weapon Support Center
Construct Medical Station
Construct Medical Station
Bazooka Squad
Selects Field Repairs
Infantry Support Center
Bazooka Squad
Assault Engineer Squad
M1918 Browning Automatic Rifles
Munitions Surplus
Mortar Pit
Mortar Pit
Selects War Machine
.30 cal Machine Gun
Construct Tank Depot
Selects Seek and Destroy
M4A1 Sherman Medium Tank
M4A1 Sherman Medium Tank
Bazooka Squad
Selects M4A3E8 Sherman Combat Group
M4A1 Sherman Medium Tank
Field Repairs
M4A1 Sherman Medium Tank
AI Takeover
Pinhead Larry
Adult Asthma Is A Choice
Not Emily Willis
黎凡特大舞台,会打短号你就来
LENR047
TheBearJew760
0
0

Comments sign in to comment!

No comments posted yet!